 Dungeon Crawl Stone Soup version 0.21.0-25-ge575cb9 (webtiles) character file.

11 Monsterracer the Ducker (level 2, 0/26 HPs)
             Began as a Minotaur Gladiator on Jan 26, 2018.
             Slain by an ooze (4 damage)
             ... on level 1 of the Dungeon.
             The game lasted 00:00:47 (227 turns).

Monsterracer the Ducker (Minotaur Gladiator)         Turns: 227, Time: 00:00:48

Health: 0/26       AC:  4    Str: 18    XL:     2   Next: 17%
Magic:  1/1        EV: 13    Int:  5    God:
Gold:   21         SH:  0    Dex: 11    Spells: 1/1 levels left

rFire    . . .     SeeInvis .   a - +0 long sword {!a}
rCold    . . .     Gourm    .   (no shield)
rNeg     . . .     Faith    .   b - +0 leather armour
rPois    .         Spirit   .   f - +0 hat
rElec    .         Reflect  .   (no cloak)
rCorr    .         Harm     .   g - +0 pair of gloves
MR       .....                  (no boots)
Stlth    +.........             (no amulet)
HPRegen  0.08/turn              (no ring)
MPRegen  0.07/turn              (no ring)

@: no status effects
A: retaliatory headbutt, horns 2
a: no special abilities


You were on level 1 of the Dungeon.
You were not hungry.

You visited 1 branch of the dungeon, and saw 1 of its levels.

You collected 21 gold pieces.

Inventory:

Hand Weapons
 a - a +0 long sword (weapon) {!a}
Missiles
 d - 3 throwing nets (quivered)
Armour
 b - a +0 leather armour (worn)
 f - a +0 hat (worn)
 g - a +0 pair of gloves (worn)
Scrolls
 h - 2 scrolls of identify {unknown}
Potions
 e - 2 potions of resistance {unknown}
 i - a potion of curing {unknown}
 j - a potion of berserk rage {unknown}
 k - a potion of brilliance {unknown}
Comestibles
 c - a ration


   Skills:
 + Level 3.0 Fighting
 - Level 3.6 Long Blades
 - Level 2.0 Throwing
 + Level 3.7 Dodging


You had one spell level left.
You didn't know any spells.

Dungeon Overview and Level Annotations

Branches:
Dungeon (1/15)

Altars:


Innate Abilities, Weirdness & Mutations

You reflexively headbutt those who attack you in melee.
You have a pair of horns on your head.


Message History

The leopard gecko hisses angrily.
A rat comes into view.
You see here a scroll labeled IPOLOC MUIRPH.
The rat moves out of view.
A leopard gecko is nearby!
There are monsters nearby!
The leopard gecko bites you but does no damage.
The leopard gecko misses you. The leopard gecko misses you.
The leopard gecko bites you. The leopard gecko closely misses you.
You take 2 damage, and have 16/18 hp.
The leopard gecko bites you but does no damage.
The leopard gecko bites you. The rat bites you.
You take 3 damage, and have 13/18 hp.
The leopard gecko completely misses you.
The rat bites you.
You take 1 damage, and have 12/18 hp.
The leopard gecko closely misses you. The rat barely misses you.
You furiously retaliate!
You headbutt the rat.
You kill the rat!
The leopard gecko bites you. x2
* * * LOW HITPOINT WARNING * * *
You take 6 damage, and have 6/18 hp.
MASSIVE DAMAGE!!
The leopard gecko bites you.
* * * LOW HITPOINT WARNING * * *
You take 3 damage, and have 3/18 hp.
The leopard gecko bites you but does no damage.
Found a metallic puce potion.
A jackal comes into view.
The leopard gecko misses you.
You riposte.
The jackal barks!
You hit the leopard gecko. Your headbutt misses the leopard gecko.
The leopard gecko is moderately wounded.
You hear a bark!
The leopard gecko bites you but does no damage.
You see here a metallic puce potion.
k - a metallic puce potion The leopard gecko completely misses you.
You furiously retaliate!
You headbutt the leopard gecko.
You kill the leopard gecko!
Your Fighting skill increases to level 3!
You have reached level 2!
MP restored: 1 You start resting.
Found 5 gold pieces.
The jackal closely misses you.
The jackal bites you but does no damage.
The jackal closely misses you.
The jackal bites you but does no damage.
The jackal bites you but does no damage.
A jackal comes into view.
The jackal barks!
The jackal barely misses you. The jackal closely misses you.
The jackal closely misses you. You furiously retaliate!
You headbutt the jackal, but do no damage.
That item cannot be evoked!
An ooze comes into view.
The ooze quivers.
The jackal barely misses you. You furiously retaliate!
You headbutt the jackal!
You kill the jackal!
You see here 5 gold pieces.
You now have 21 gold pieces (gained 5).
The jackal barely misses you. You furiously retaliate!
You headbutt the jackal, but do no damage.
Found 32 stones.
The jackal misses you. You furiously retaliate!
You headbutt the jackal!
You kill the jackal!
The ooze barely misses you. You furiously retaliate!
You headbutt the ooze. The ooze barely misses you.
The ooze hits you but does no damage. The ooze closely misses you.
The ooze hits you but does no damage. The ooze hits you.
* * * LOW HITPOINT WARNING * * *
You take 3 damage, and have 6/26 hp.
The ooze misses you. The ooze barely misses you.
The ooze hits you but does no damage. The ooze hits you.
* * * LOW HITPOINT WARNING * * *
You take 1 damage, and have 5/26 hp.
The ooze hits you.
* * * LOW HITPOINT WARNING * * *
You take 1 damage, and have 4/26 hp.
The ooze closely misses you. The ooze closely misses you.
You riposte.
You hit the ooze.
The ooze is severely wounded.
The ooze hits you.
* * * LOW HITPOINT WARNING * * *
You take 1 damage, and have 4/26 hp.
The ooze hits you but does no damage. The ooze barely misses you.
The ooze barely misses you. The ooze misses you.
Press: ? - help, v - describe, . - travel
Here: an ooze (severely wounded)
The floor.
The ooze misses you. The ooze hits you.
You die...

#. ### #? #. ..#
#. #. #.# #.
####.#####.# #.
#..........#####.
.##.....#.....h.
##.###.##.†$#####.
#..# #.####.# ##
#@# #.# #.# # #J#
#h# ..###### #.#
#.# ####....
######.####.#
#.###
...........†.#
.####...#..###
#.###J.# #. #..#
.. #...


You could see an ooze.

Vanquished Creatures
  A leopard gecko (D:1)
  A bat (D:1)
  A giant cockroach (D:1)
  A goblin (D:1)
  2 jackals (D:1)
  A kobold (D:1)
  2 rats (D:1)
9 creatures vanquished.

Notes
Turn   | Place    | Note
-------+----------+-------------------------------------------
     0 | D:1      | Monsterracer the Minotaur Gladiator began the quest for the Orb.
     0 | D:1      | Reached XP level 1. HP: 18/18 MP: 0/0
   157 | D:1      | HP: 6/18 [leopard gecko (5)]
   168 | D:1      | Reached XP level 2. HP: 5/26 MP: 1/1
   213 | D:1      | HP: 6/26 [ooze (3)]
   218 | D:1      | HP: 4/26 [ooze (1)]
   227 | D:1      | Slain by an ooze

Skill      XL: |  1 |
---------------+----+-----
Fighting       | 3 |  3.0
Long Blades    | |  3.6
Throwing       | |  2.0
Dodging        | |  3.7

Action                   || total
-------------------------++-------
Melee: Headbutt          ||     2
Armor: Leather armour    ||    18
Dodge: Dodged            ||    41
       Rpst.: Long sword ||    10

Vault maps used:
D:1:      dpeg_arrival_pond
